[Event "Team 45 45 League T36"]
[Site "Internet Chess Club"]
[Date "2008.02.18"]
[Round "4"]
[White "qs16"]
[Black "QueensCounselor"]
[Result "1/2-1/2"]
[WhiteElo "1833"]
[BlackElo "1804"]
[Opening "Grünfeld: exchange, classical variation"]
[ECO "D86"]
[Time "15:00:49"]
[TimeControl "2700+45"]

1. d4 Nf6 2. c4 g6 3. Nc3 d5 4. cxd5 Nxd5 5. e4 Nxc3 6. bxc3 Bg7 7. Bc4 O-O 8.
h3 c5 9. Nf3 Nc6 10. Be3 Qa5 11. Qd2 cxd4 12. Nxd4 Nxd4 13. cxd4 Qxd2+ 14. Kxd2
Rd8 15. Kc3 Bd7 16. Rac1 Rac8 17. Kd3 Ba4 18. Bb3 Bb5+ 19. Bc4 Ba4 20. Ke2 b5
21. Bd5 Rxc1 22. Rxc1 e6 23. Bb3 Bxb3 24. axb3 Bxd4 25. Bxd4 Rxd4 26. Ke3 Rd6
27. b4 Kf8 28. f4 Ke7 29. g4 Kd7 30. Ra1 a6 31. h4 Kc7 32. Rc1+ Rc6 33. Rb1 Rc4
34. Kd3 f5 35. exf5 exf5 36. gxf5 Rxf4 37. Rc1+ Kd7 38. fxg6 hxg6 39. Rg1 Rxh4
40. Rxg6 Rxb4 41. Rxa6 Rc4 42. Rb6 Rc5 43. Kd4 Rh5 44. Kc3 Kc7 45. Rg6 Rc5+ 46.
Kb4 Rc6 47. Rg5 Rh6 {Game drawn by mutual agreement} 1/2-1/2

[Event "Team 45 45 League T36"]
[Site "Internet Chess Club"]
[Date "2008.02.17"]
[Round "4"]
[White "Steinwitz"]
[Black "Mater"]
[Result "1-0"]
[WhiteElo "1806"]
[BlackElo "1689"]
[Opening "Sicilian defense"]
[ECO "B32"]
[Time "11:04:30"]
[TimeControl "2700+45"]

1. e4 c5 2. Nf3 Nc6 3. d4 cxd4 4. Nxd4 d6 5. c4 g6 6. Be2 Bg7 7. Be3 Nf6 8. Nc3
O-O 9. O-O a6 10. Rc1 Qd7 11. f3 Rb8 12. b3 b6 13. Kh1 Qc7 14. Qd2 Rd8 15. Nd5
Qb7 16. Nxc6 e6 17. Nxf6+ Bxf6 18. Nxd8 Bxd8 19. Qxd6 Bf6 20. Bf4 Ra8 21. Rcd1
Kg7 22. Qc7 Qxc7 23. Bxc7 Bb7 24. Bxb6 h5 25. Bd4 e5 26. Be3 Rh8 27. Rd7 Bc6 28.
Rc7 Ba8 29. c5 Bd8 30. Ra7 Bc6 31. Bc4 {Black resigns} 1-0

[Event "Team 45 45 League T36"]
[Site "Internet Chess Club"]
[Date "2008.02.17"]
[Round "4"]
[White "oldsj"]
[Black "burnsja2003"]
[Result "0-1"]
[WhiteElo "1507"]
[BlackElo "1720"]
[Opening "Sicilian"]
[ECO "B54"]
[Time "10:11:42"]
[TimeControl "2700+45"]

1. e4 c5 2. Nf3 d6 3. d4 cxd4 4. Nxd4 Nc6 5. Nc3 e6 6. Be3 Nf6 7. f3 Be7 8. Qd2
O-O 9. O-O-O a6 10. Bc4 Nxd4 11. Qxd4 e5 12. Qd2 b5 13. Bb3 Bb7 14. Nd5 Bxd5 15.
Bxd5 Nxd5 16. Qxd5 Qc7 17. Kb1 Rac8 18. Rd2 Kh8 19. h4 f5 20. exf5 Rxf5 21. g4
Rff8 22. h5 Qc6 23. h6 Qxd5 24. hxg7+ Kxg7 25. Bh6+ Kg6 26. Rxd5 Rxf3 27. Rdd1
Rf2 28. Bd2 Rg2 29. Rhg1 Re2 30. Rh1 Rc4 31. Rhg1 Rh2 32. Rh1 Rxh1 33. Rxh1 Rxg4
34. Rh6+ Kg7 35. c3 Rg1+ 36. Kc2 Rg2 37. Kd3 Rxd2+ {White resigns} 0-1

[Event "Team 45 45 League T36"]
[Site "Internet Chess Club"]
[Date "2008.02.16"]
[Round "4"]
[White "Vitruvian"]
[Black "miltools"]
[Result "0-1"]
[WhiteElo "1819"]
[BlackElo "1856"]
[Opening "Sicilian: Alapin's variation (2.c3)"]
[ECO "B22"]
[Time "08:11:09"]
[TimeControl "2700+45"]

1. e4 c5 2. c3 g6 3. d4 cxd4 4. cxd4 Bg7 5. Nc3 d6 6. Bc4 Nf6 7. Nf3 O-O 8. O-O
Bg4 9. Be3 Nc6 10. Rc1 Rc8 11. Bb3 Na5 12. Ba4 Nc4 13. Qe2 Nxe3 14. fxe3 a6 15.
Bb3 b5 16. h3 Bd7 17. e5 dxe5 18. Nxe5 b4 19. Nxd7 Qxd7 20. Na4 Qd6 21. Nc5 a5
22. Rcd1 e6 23. e4 Rxc5 24. dxc5 Qxc5+ 25. Kh1 Nh5 26. Rf3 Be5 27. Qd3 Qc7 28.
g4 Nf4 29. Qd7 Rc8 30. Qxc7 Rxc7 31. h4 h6 32. g5 hxg5 33. hxg5 Ne2 34. Rfd3
Ng3+ 35. Kg2 Nh5 36. Rd8+ Kg7 37. Ra8 Bxb2 38. Rxa5 Nf4+ 39. Kh2 Rc3 40. Rd8
Rh3+ 41. Kg1 Re3 42. Raa8 Nh3+ 43. Kg2 Nxg5 44. Rd7 Rxe4 45. Raa7 Rg4+ 46. Kf2
Bd4+ 47. Ke2 Bxa7 {White resigns} 0-1

[Event "Team 45 45 League T36"]
[Site "Internet Chess Club"]
[Date "2008.02.14"]
[Round "4"]
[White "Razorbackchess"]
[Black "superbeast"]
[Result "0-1"]
[WhiteElo "1717"]
[BlackElo "1718"]
[Opening "English: symmetrical variation"]
[ECO "A30"]
[Time "19:06:39"]
[TimeControl "2700+45"]

1. c4 c5 2. g3 Nf6 3. Bg2 e6 4. Nc3 d5 5. cxd5 exd5 6. d4 cxd4 7. Qxd4 Nc6 8.
Qa4 d4 9. Ne4 Nxe4 10. Bxe4 Bb4+ 11. Bd2 Bxd2+ 12. Kxd2 O-O 13. Rd1 Qb6 14. Kc1
Nb4 15. a3 Na2+ 16. Kc2 Be6 17. Qxd4 Qb3+ 18. Kb1 Nc3+ 19. Qxc3 Qxd1+ 20. Qc1
Ba2+ {White resigns} 0-1

[Event "Team 45 45 League T36"]
[Site "Internet Chess Club"]
[Date "2008.02.18"]
[Round "4"]
[White "hondocando"]
[Black "pishd"]
[Result "0-1"]
[WhiteElo "1589"]
[BlackElo "1837"]
[Opening "Caro-Kann defense"]
[ECO "B11"]
[Time "16:04:51"]
[TimeControl "2700+45"]

1. e4 c6 2. Nc3 d5 3. exd5 cxd5 4. Bb5+ Nc6 5. Nf3 Bg4 6. h3 Bxf3 7. Qxf3 Nf6 8.
d4 e6 9. Bg5 Be7 10. O-O O-O 11. Bxc6 bxc6 12. Bxf6 Bxf6 13. Na4 Bxd4 14. Qd3
Qf6 15. c3 Be5 16. Nc5 Qe7 17. Qe3 Bd6 18. Nd3 c5 19. Rfe1 Rab8 20. Re2 c4 21.
Nf4 Bxf4 22. Qxf4 Qc5 23. Qe5 Rb6 24. h4 Rfb8 25. Rb1 a5 26. h5 h6 27. g4 f6 28.
Qe3 Qxe3 29. fxe3 Kf7 30. Kg2 e5 31. Kf3 a4 32. a3 Rb3 33. Ree1 Rxb2 34. Rxb2
Rxb2 35. Rd1 Ke6 36. e4 dxe4+ 37. Kxe4 Rb3 38. Rd8 Rxc3 39. Rc8 Rg3 40. Rc6+ Kd7
41. Ra6 Rxg4+ 42. Kf5 Rg5+ 43. Ke4 c3 44. Kd3 Rg3+ 45. Kc2 f5 46. Rxa4 f4 47.
Rb4 f3 48. Rb1 f2 49. Rf1 Rf3 50. Kd1 c2+ 51. Kxc2 Rxa3 52. Kd2 Ke6 53. Ke2 Ra2+
54. Kf3 Kf5 55. Kg2 Kg5 56. Rb1 Kxh5 57. Rb5 Kg4 58. Rxe5 Kf4 59. Re7 g6 60.
Rf7+ Kg5 61. Rf3 Ra4 62. Kf1 h5 63. Rb3 Rf4 64. Rg3+ Kf5 65. Ra3 Kg4 66. Ra7 g5
67. Ra1 h4 68. Kg2 h3+ 69. Kf1 Kg3 70. Ra8 h2 71. Ra3+ Kg4 {White resigns} 0-1

[Event "Team 45 45 League T36"]
[Site "Internet Chess Club"]
[Date "2008.02.16"]
[Round "4"]
[White "scottrugby"]
[Black "vaknight"]
[Result "0-1"]
[WhiteElo "1509"]
[BlackElo "1533"]
[Opening "Sicilian: closed"]
[ECO "B23"]
[Time "16:00:22"]
[TimeControl "2700+45"]

1. e4 c5 2. Nc3 d6 3. f4 Nc6 4. Nf3 g6 5. Bb5 Bd7 6. O-O Bg7 7. d3 a6 8. Bxc6
Bxc6 9. h3 Qc7 10. g4 e6 11. Qe1 Ne7 12. Be3 b5 13. Rb1 b4 14. Ne2 a5 15. c3 c4
16. dxc4 Bxe4 17. Rd1 Nc6 18. Ng5 Bc2 19. Rd2 b3 20. Nc1 a4 21. Bd4 Nxd4 22.
cxd4 Qxc4 23. a3 Bxd4+ 24. Kg2 O-O 25. Qh4 h5 26. gxh5 Bf6 27. hxg6 Bxg6 28.
Rfd1 Ra5 29. Qh6 Qxf4 30. Nxf7 Qe4+ 31. Kf1 Rxf7 32. Re2 Rf5+ 33. Kg1 Bd4+ 34.
Kh2 Rf2+ {White resigns} 0-1

[Event "Team 45 45 League T36"]
[Site "Internet Chess Club"]
[Date "2008.02.21"]
[Round "4"]
[White "AlPearson"]
[Black "malihini"]
[Result "0-1"]
[WhiteElo "1438"]
[BlackElo "1311"]
[Opening "English: four knights, kingside fianchetto"]
[ECO "A29"]
[Time "13:08:59"]
[TimeControl "2700+45"]

1. c4 e5 2. Nc3 Nc6 3. Nf3 Nf6 4. g3 d5 5. cxd5 Nxd5 6. Bg2 Nf6 7. O-O Be7 8. d3
O-O 9. a3 h6 10. b4 Be6 11. h3 Qd7 12. Kh2 a6 13. Bb2 Bf5 14. Ng1 Rad8 15. Qd2
e4 16. g4 Bxg4 17. hxg4 Nxg4+ 18. Kh1 Bg5 19. Qd1 Qd6 20. Nxe4 Qh2# {White
checkmated} 0-1

[Event "Team 45 45 League T36"]
[Site "Internet Chess Club"]
[Date "2008.02.17"]
[Round "4"]
[White "Riddari"]
[Black "Zyme"]
[Result "0-1"]
[WhiteElo "1345"]
[BlackElo "1459"]
[Opening "French: advance variation"]
[ECO "C02"]
[Time "10:29:58"]
[TimeControl "2700+45"]

1. e4 e6 2. d4 d5 3. e5 c5 4. c3 Nc6 5. Bb5 Bd7 6. Nf3 Nxe5 7. Bxd7+ Nxd7 8. O-O
Ngf6 9. Ne5 cxd4 10. Qxd4 Bc5 11. Qa4 O-O 12. Kh1 Nxe5 13. Re1 Nd3 14. Be3 Nxb2
15. Qc2 Bxe3 16. Rxe3 Nc4 17. Re1 Qb6 18. Nd2 Nxd2 19. Qxd2 Ne4 20. Re3 Nxd2
{White resigns} 0-1

[Event "Team 45 45 League T36"]
[Site "Internet Chess Club"]
[Date "2008.02.14"]
[Round "4"]
[White "t-hobbes"]
[Black "otib2006"]
[Result "1-0"]
[WhiteElo "1352"]
[BlackElo "1374"]
[Opening "QGD: 4.Bg5"]
[ECO "D50"]
[Time "20:01:24"]
[TimeControl "2700+45"]

1. d4 d5 2. c4 e6 3. Nc3 Nf6 4. Bg5 g6 5. e4 h6 6. Bxf6 Qxf6 7. cxd5 Bb4 8. Qa4+
c6 9. Qxb4 Na6 10. Qc4 O-O 11. dxc6 Rd8 12. Nf3 bxc6 13. Qxc6 Nb4 14. Qa4 Qe7
15. a3 Bd7 16. Qb3 Nc6 17. Bd3 Rab8 18. Qa2 e5 19. Nxe5 Nxe5 20. dxe5 Qxe5 21.
O-O Kg7 22. f4 Qd4+ 23. Rf2 Qxd3 24. Raf1 Rb6 25. f5 Bb5 26. fxg6 Bc4 27. Qa1
Kxg6 28. Rf3 Qd4+ 29. R1f2 Rdb8 30. Qd1 Qc5 31. Na4 Rd6 32. Rf6+ Kg5 33. Qc1+
Kh5 34. Nxc5 Rxf6 35. Rxf6 Bb5 36. Qxh6+ {Black resigns} 1-0

[Event "Team 45 45 League T36"]
[Site "Internet Chess Club"]
[Date "2008.02.16"]
[Round "4"]
[White "gilalva"]
[Black "WannaB"]
[Result "1-0"]
[WhiteElo "1086"]
[BlackElo "1071"]
[Opening "Sicilian: Grand Prix attack"]
[ECO "B21"]
[Time "16:03:34"]
[TimeControl "2700+45"]

1. e4 c5 2. f4 Nc6 3. Nf3 e6 4. e5 a6 5. d4 cxd4 6. Nxd4 Bb4+ 7. c3 Bf8 8. Be2
Nxd4 9. Qxd4 Ne7 10. Bg4 Nc6 11. Qd1 Be7 12. Be3 O-O 13. O-O Rb8 14. f5 Nxe5 15.
Bh3 b6 16. Qh5 f6 17. Nd2 Qe8 18. Qe2 b5 19. b4 Bb7 20. fxe6 Bc8 21. Bf4 dxe6
22. Bxe5 fxe5 23. Qxe5 Bd7 24. Bxe6+ Bxe6 25. Qxe6+ Kh8 26. Rxf8+ Qxf8 27. Rf1
Qe8 28. Re1 Rb7 29. Ne4 Qd8 30. Nd6 Qb6+ 31. Kf1 Qxd6 32. Qc8+ Qd8 33. Qxb7 g6
34. Rxe7 Qd7 35. Rxd7 {Black resigns} 1-0

[Event "Team 45 45 League T36"]
[Site "Internet Chess Club"]
[Date "2008.02.16"]
[Round "4"]
[White "Rhel"]
[Black "scottrugby"]
[Result "1/2-1/2"]
[WhiteElo "1489"]
[BlackElo "1525"]
[Opening "Bogo-Indian defense, Nimzovich variation"]
[ECO "E11"]
[Time "12:29:25"]
[TimeControl "2700+45"]

1. d4 Nf6 2. c4 e6 3. Nf3 Bb4+ 4. Bd2 Qe7 5. a3 Bxd2+ 6. Nbxd2 Nc6 7. e3 d6 8.
Bd3 O-O 9. O-O b6 10. Re1 Bb7 11. Qc2 e5 12. d5 Nb8 13. e4 a5 14. b4 axb4 15.
axb4 Na6 16. Qc3 Nh5 17. g3 Qf6 {Game drawn by mutual agreement} 1/2-1/2

[Event "Team 45 45 League T36"]
[Site "Internet Chess Club"]
[Date "2008.02.18"]
[Round "4"]
[White "supraholic"]
[Black "JimGaming"]
[Result "1-0"]
[WhiteElo "1292"]
[BlackElo "1247"]
[Opening "Sicilian: accelerated fianchetto, modern variation with Bc4"]
[ECO "B35"]
[Time "14:14:56"]
[TimeControl "2700+45"]

1. e4 c5 2. Nf3 g6 3. d4 cxd4 4. Nxd4 Nc6 5. Nc3 Bg7 6. Be3 Nf6 7. Bc4 O-O 8.
O-O Nxe4 9. Nxe4 d5 10. Nxc6 bxc6 11. Bd3 dxe4 12. Bxe4 Ba6 13. Qxd8 Rfxd8 14.
Bxc6 Rab8 15. Rfd1 Rxd1+ 16. Rxd1 Rxb2 17. Rd8+ Bf8 18. h3 Rxc2 19. Bh6 Rc1+ 20.
Kh2 Rxc6 21. Rxf8# {Black checkmated} 1-0

[Event "Team 45 45 League T36"]
[Site "Internet Chess Club"]
[Date "2008.02.16"]
[Round "4"]
[White "tmac63"]
[Black "CoasterBrake"]
[Result "0-1"]
[WhiteElo "1039"]
[BlackElo "1143"]
[Opening "Caro-Kann: two knights variation"]
[ECO "B10"]
[Time "13:05:53"]
[TimeControl "2700+45"]

1. e4 c6 2. Nf3 d5 3. Nc3 dxe4 4. Nxe4 Bf5 5. Bd3 Nd7 6. Nc3 Bxd3 7. cxd3 Ngf6
8. d4 e6 9. Ne5 Nxe5 10. dxe5 Nd5 11. d4 Bb4 12. Bd2 Qb6 13. O-O Qxd4 14. Qe1
O-O 15. Rd1 Qb6 16. Qe4 Nxc3 17. Qg4 Rfd8 18. Bh6 g6 19. Qg5 Ne4 20. Qf4 Bf8 21.
Rde1 Bxh6 22. Qxh6 Nd2 23. Re4 Nxe4 24. Re1 Qxf2+ 25. Kh1 Qxe1# {White
checkmated} 0-1

[Event "Team 45 45 League T36"]
[Site "Internet Chess Club"]
[Date "2008.02.16"]
[Round "4"]
[White "killer21"]
[Black "Miles295"]
[Result "1-0"]
[WhiteElo "2239"]
[BlackElo "2087"]
[Opening "English, 1...Nf6 (Anglo-Indian defense)"]
[ECO "A15"]
[Time "14:00:08"]
[TimeControl "2700+45"]

1. c4 Nf6 2. g3 g6 3. Bg2 Bg7 4. Nc3 O-O 5. d4 c5 6. e3 Nc6 7. Nge2 d6 8. O-O
Rb8 9. b3 Bf5 10. Bb2 Qc8 11. Rc1 a6 12. Nf4 cxd4 13. exd4 Bh6 14. Ncd5 Nh5 15.
Nxh5 Bxc1 16. Nxe7+ Nxe7 17. Nf6+ Kg7 18. Qxc1 d5 19. Qf4 Kxf6 20. Qe5+ Kg5 21.
Bc1+ {Black resigns} 1-0

[Event "Team 45 45 League T36"]
[Site "Internet Chess Club"]
[Date "2008.02.16"]
[Round "4"]
[White "Flying-Tiger"]
[Black "Terte"]
[Result "0-1"]
[WhiteElo "1945"]
[BlackElo "2161"]
[Opening "Sicilian: accelerated fianchetto, exchange variation"]
[ECO "B34"]
[Time "15:09:02"]
[TimeControl "2700+45"]

1. e4 c5 2. Nf3 Nc6 3. d4 cxd4 4. Nxd4 g6 5. Nxc6 bxc6 6. Bc4 Bg7 7. O-O e6 8.
Re1 Ne7 9. Qd6 Bb7 10. Nc3 Nc8 11. Qg3 d5 12. exd5 cxd5 13. Bb5+ Kf8 14. Bf4 h6
15. Rad1 Kg8 16. Be5 Ne7 17. Bxg7 Kxg7 18. Qe5+ Kh7 19. Ne4 Ng8 20. c4 Qb6 21.
Nf6+ Nxf6 22. Qxf6 Rhf8 23. h4 h5 24. Ba4 Rad8 25. g4 hxg4 26. h5 g3 27. hxg6+
fxg6 28. Qh4+ Kg7 29. Qxg3 Rf6 30. c5 Qxc5 31. Rc1 Qd6 32. Rc7+ Rf7 33. Rxf7+
Kxf7 34. Qh3 Kf6 35. Re3 d4 36. Rg3 Qf4 37. Rxg6+ Kxg6 38. Qxe6+ Qf6 39. Qg4+
Qg5 40. f3 Qxg4+ 41. fxg4 Kg5 42. Bd1 {White resigns} 0-1

[Event "Team 45 45 League T36"]
[Site "Internet Chess Club"]
[Date "2008.02.17"]
[Round "4"]
[White "primerpaso"]
[Black "Wheels"]
[Result "1-0"]
[WhiteElo "1942"]
[BlackElo "1808"]
[Opening "King's Indian: Pomar system"]
[ECO "A16"]
[Time "20:03:44"]
[TimeControl "2700+45"]

1. c4 Nf6 2. Nc3 g6 3. g3 Bg7 4. Bg2 O-O 5. e4 d6 6. Nge2 e5 7. d4 Nc6 8. O-O
Re8 9. d5 Ne7 10. h3 c6 11. Be3 c5 12. a3 Bd7 13. b4 b6 14. Qb3 a6 15. a4 Qc7
16. Rfb1 Reb8 17. Qa2 Qc8 18. Kh2 Nh5 19. a5 f5 20. axb6 Rxb6 21. bxc5 Rxb1 22.
Rxb1 f4 23. cxd6 fxe3 24. dxe7 exf2 25. d6 Qc5 26. Nd5 Qxd6 27. c5 Qe6 28. g4
Nf4 29. Rb6 Qf7 30. Nexf4 exf4 31. Qxf2 Be5 32. Bf3 Bb5 33. c6 Qe8 34. Qc5 Rc8
35. c7 Be2 36. Kg2 Qa4 37. Nc3 Qc2 38. Qd5+ {Black resigns} 1-0

[Event "Team 45 45 League T36"]
[Site "Internet Chess Club"]
[Date "2008.02.14"]
[Round "4"]
[White "BadHabitMarco"]
[Black "Speedy-Reedy"]
[Result "1-0"]
[WhiteElo "2029"]
[BlackElo "1987"]
[Opening "Scandinavian (center counter) defense"]
[ECO "B01"]
[Time "11:06:16"]
[TimeControl "2700+45"]

1. e4 d5 2. exd5 Qxd5 3. Nc3 Qa5 4. d4 Nf6 5. Bc4 Bg4 6. Ne2 c6 7. O-O e6 8. Bf4
Be7 9. Qd2 b5 10. Bd3 Qb6 11. Ne4 Nxe4 12. Bxe4 Nd7 13. Ng3 Nf6 14. Rfe1 h5 15.
h3 h4 16. hxg4 hxg3 17. Bxg3 Nxg4 18. Qf4 Nf6 19. Bf3 Rd8 20. Rad1 Bd6 21. Qg5
Bxg3 22. Qxg3 O-O 23. Qh4 Rd6 24. g3 Rfd8 25. c3 c5 26. Kg2 cxd4 27. Rh1 Kf8 28.
Qh8+ Ke7 29. Qxg7 Rg8 30. Qh6 dxc3 31. Rxd6 Qxd6 32. bxc3 Qc5 33. Qf4 Nd5 34.
Qh4+ Ke8 35. Qh7 Kf8 36. Qh6+ Ke8 37. Bh5 Qc7 38. Qxe6+ Ne7 39. Bxf7+ Kf8 40.
Bxg8 Nxg8 41. Rh8 Qb7+ 42. Kg1 Qg7 43. Qc8+ Kf7 44. Qd7+ Ne7 45. Qe8+ Ke6 46.
Rh4 Qe5 47. Rh6+ Kd5 48. Rh5 {Black resigns} 1-0

[Event "Team 45 45 League T36"]
[Site "Internet Chess Club"]
[Date "2008.02.18"]
[Round "4"]
[White "dalfonso"]
[Black "matman"]
[Result "1/2-1/2"]
[WhiteElo "1868"]
[BlackElo "1764"]
[Opening "Ruy Lopez: exchange, Gligoric variation"]
[ECO "C69"]
[Time "16:05:34"]
[TimeControl "2700+45"]

1. e4 e5 2. Nf3 Nc6 3. Bb5 a6 4. Bxc6 dxc6 5. O-O f6 6. d4 exd4 7. Qxd4 Qxd4 8.
Nxd4 c5 9. Ne2 Be6 10. Rd1 Bd6 11. Bf4 O-O-O 12. Nbc3 Ne7 13. Bxd6 Rxd6 14. Rxd6
cxd6 15. Rd1 Rd8 16. Nf4 Bf7 17. Nfd5 Nxd5 18. Nxd5 Bxd5 19. Rxd5 Kc7 20. f3 b5
21. Kf2 Re8 22. Ke3 Re5 23. f4 Rxd5 24. exd5 f5 25. Kf3 Kd7 26. g4 fxg4+ 27.
Kxg4 Ke7 28. Kf5 {Game drawn by mutual agreement} 1/2-1/2

[Event "Team 45 45 League T36"]
[Site "Internet Chess Club"]
[Date "2008.02.16"]
[Round "4"]
[White "Badu"]
[Black "Karpyan"]
[Result "1-0"]
[WhiteElo "1980"]
[BlackElo "1837"]
[Opening "King's Indian: fianchetto, classical variation, 8.e4"]
[ECO "E68"]
[Time "12:04:19"]
[TimeControl "2700+45"]

1. c4 Nf6 2. Nc3 g6 3. g3 Bg7 4. Bg2 O-O 5. Nf3 d6 6. d4 Nbd7 7. O-O e5 8. e4 c6
9. Be3 exd4 10. Bxd4 Re8 11. Re1 Qc7 12. Qd2 Ne5 13. b3 Bg4 14. Nh4 Ned7 15. h3
Be6 16. Rad1 Rad8 17. f4 Nb8 18. Qf2 c5 19. Bxf6 Bxf6 20. Nb5 Qe7 21. f5 Bc8 22.
Nxa7 Bd4 23. Rxd4 cxd4 24. Qxd4 Qe5 25. Qf2 Qc5 26. Nxc8 Rxc8 27. Rd1 Rcd8 28.
e5 Qxf2+ 29. Kxf2 dxe5 30. Rxd8 Rxd8 31. Bxb7 Rd2+ 32. Ke3 Rxa2 33. fxg6 hxg6
34. Bd5 Nd7 35. Nxg6 Kg7 36. Ne7 Rb2 37. b4 Rxb4 38. c5 Kf8 39. Nc6 Rb5 40. Ke4
Rxc5 41. Nxe5 Nf6+ 42. Kf5 Nxd5 43. Nd7+ Kg7 44. Nxc5 Ne7+ 45. Kg4 Kg6 46. Nd3
f6 47. Nf4+ Kh6 48. h4 f5+ 49. Kf3 Nc6 50. Ke2 Ne5 51. Ke3 Ng4+ 52. Kd4 Kg7 53.
Kd5 Kf6 54. Kd6 Ne3 55. Nd5+ Nxd5 56. Kxd5 Kg7 57. Ke6 Kg6 58. Ke5 {Black
resigns} 1-0

[Event "Team 45 45 League T36"]
[Site "Internet Chess Club"]
[Date "2008.02.16"]
[Round "4"]
[White "ADIOKiddo4Ever"]
[Black "houseofcook"]
[Result "1-0"]
[WhiteElo "1561"]
[BlackElo "1435"]
[Opening "French: advance, Paulsen attack"]
[ECO "C02"]
[Time "15:02:42"]
[TimeControl "2700+45"]

1. e4 e6 2. d4 d5 3. e5 c5 4. c3 Nc6 5. Nf3 Qb6 6. a3 cxd4 7. cxd4 Nge7 8. b4 a6
9. Bb2 Ng6 10. h4 h6 11. h5 Nge7 12. Bd3 Bd7 13. Nc3 Nxd4 14. Nxd4 Qxd4 15. Ne4
Qxb2 16. Nd6+ Kd8 17. Nxf7+ Kc8 18. Qc1+ Qxc1+ 19. Rxc1+ Nc6 20. Nxh8 Be8 21.
Bg6 Kd7 22. Bxe8+ Kxe8 23. Ng6 Be7 24. Rh3 Kd7 25. Rf3 Nd4 26. Rf7 Nf5 27. g4
Ke8 28. Nh8 Kd7 29. gxf5 Rxh8 30. f6 gxf6 31. exf6 Ke8 32. Rxe7+ {Black resigns}
1-0

<forfeit>

This game is a forfeit win for white

[Event "Team 45 45 League T36"]
[Site "Internet Chess Club"]
[Date "2008.02.19"]
[Round "4"]
[White "conron"]
[Black "Tom6"]
[Result "1-0"]
[WhiteElo "1312"]
[BlackElo "1161"]
[Opening "Ruy Lopez: Möller defense"]
[ECO "C70"]
[Time "15:31:33"]
[TimeControl "2700+45"]

1. e4 e5 2. Nf3 Nc6 3. Bb5 a6 4. Ba4 Bc5 5. O-O Nf6 6. Re1 O-O 7. c3 b5 8. Bb3
Bb7 9. d4 exd4 10. cxd4 Bb6 11. Bg5 h6 12. Bh4 g5 13. Bg3 d6 14. h4 Ng4 15. hxg5
hxg5 16. e5 Kg7 17. exd6 cxd6 18. Qd2 f6 19. Qd3 Ne7 20. Bc2 Rh8 21. Qe2 Kf7 22.
Bb3+ d5 23. Qe6+ Kf8 24. Qxg4 Bc8 25. Re6 Bxe6 26. Qxe6 Kg7 27. Bd6 Re8 28. Bxe7
Rxe7 29. Qxd5 Qxd5 30. Bxd5 Re2 31. Bxa8 {Black resigns} 1-0

[Event "Team 45 45 League T36"]
[Site "Internet Chess Club"]
[Date "2008.02.16"]
[Round "4"]
[White "Conjurer"]
[Black "merecat"]
[Result "0-1"]
[WhiteElo "1271"]
[BlackElo "1417"]
[Opening "English, Keres variation"]
[ECO "A21"]
[Time "14:05:33"]
[TimeControl "2700+45"]

1. c4 e5 2. Nc3 c6 3. g3 d6 4. Bg2 Nf6 5. Nf3 h6 6. O-O Be7 7. d4 Nbd7 8. b3 O-O
9. Qc2 Qc7 10. Bd2 Nh7 11. Rac1 Bf6 12. Qe4 Nb6 13. d5 Bd7 14. Nd1 Qc8 15. Ne3
Be7 16. Rc3 f5 17. Qc2 Bf6 18. c5 e4 19. cxb6 Bxc3 20. Bxc3 exf3 21. Bxf3 Ng5
22. Bh5 axb6 23. Nc4 Qc7 24. Qb2 Be8 25. Bxe8 Raxe8 26. dxc6 Qxc6 27. Bxg7 Nh3#
{White checkmated} 0-1

[Event "Team 45 45 League T36"]
[Site "Internet Chess Club"]
[Date "2008.02.15"]
[Round "4"]
[White "katabatico"]
[Black "Traho"]
[Result "1/2-1/2"]
[WhiteElo "1376"]
[BlackElo "1389"]
[Opening "Caro-Kann: exchange, Rubinstein variation"]
[ECO "B13"]
[Time "12:03:21"]
[TimeControl "2700+45"]

1. e4 c6 2. d4 d5 3. exd5 cxd5 4. Bd3 Nc6 5. c3 Nf6 6. Bf4 e6 7. Nf3 Be7 8. O-O
Bd6 9. Ne5 Bxe5 10. dxe5 Qb6 11. b4 Ne4 12. Bxe4 dxe4 13. Re1 O-O 14. Rxe4 Rd8
15. Qc2 Qc7 16. Nd2 b5 17. Bg5 Rd7 18. Rh4 g6 19. Bf6 Nd4 20. Qb2 Ne2+ 21. Kh1
Qxc3 22. Qxc3 Nxc3 23. Nf3 Bb7 24. Ng5 h5 25. Kg1 Bd5 26. g4 Ne2+ 27. Kf1 Nf4
28. gxh5 Nxh5 29. Rc1 Bc4+ 30. Ke1 Nxf6 31. exf6 Rad8 32. Rh7 e5 33. Rg7+ Kh8
34. Rh7+ Kg8 {Game drawn by mutual agreement} 1/2-1/2

[Event "Team 45 45 League T36"]
[Site "Internet Chess Club"]
[Date "2008.02.17"]
[Round "4"]
[White "wekabird"]
[Black "rkrush"]
[Result "0-1"]
[WhiteElo "1191"]
[BlackElo "1232"]
[Opening "English opening"]
[ECO "A10"]
[Time "20:00:44"]
[TimeControl "2700+45"]

1. c4 d6 2. Nc3 e5 3. e4 Nf6 4. h3 Be7 5. Nf3 Be6 6. b3 Nc6 7. d3 O-O 8. Rb1 Nd4
9. Nxd4 exd4 10. Ne2 c5 11. g3 Qa5+ 12. Bd2 Qxa2 13. Ra1 Qb2 14. Qc1 Qxb3 15.
Bg2 Qxd3 16. Ra3 Qxc4 17. Qd1 h6 18. O-O Nxe4 19. Bxe4 Bxh3 20. Re1 d5 21. Bd3
Qb4 22. Bxb4 cxb4 23. Rb3 Rac8 24. Nf4 Be6 25. Nxe6 fxe6 26. Rxe6 Rfe8 27. Qg4
Rc3 28. Rxc3 dxc3 29. Rxh6 Bc5 30. Bh7+ Kh8 31. Bg6+ gxh6 32. Bxe8 c2 33. Qf4
Bd6 34. Qd4+ Kg8 35. Qxd5+ Kg7 36. Bh5 c1=Q+ 37. Kg2 Qg5 38. Qf7+ Kh8 39. Bg6
Qe7 40. Qc4 Kg7 41. Bd3 a6 42. Qg4+ Qg5 43. Qe4 Qe7 44. Qh7+ Kf6 45. Qxh6+ Ke5
46. Qf4+ Kd5 47. Bc4+ Kc5 48. Qc1 Qe4+ 49. f3 Qxc4 50. Qe3+ Kb5 51. Qe8+ Ka5 52.
Qd8+ Qc7 53. Qg5+ b5 54. g4 Qc2+ 55. Kh3 Qh2# {White checkmated} 0-1

[Event "Team 45 45 League T36"]
[Site "Internet Chess Club"]
[Date "2008.02.17"]
[Round "4"]
[White "smcintyr11"]
[Black "WilmaP"]
[Result "1-0"]
[WhiteElo "1220"]
[BlackElo "1200"]
[Opening "French: advance, Paulsen attack"]
[ECO "C02"]
[Time "13:02:08"]
[TimeControl "2700+45"]

1. e4 e6 2. d4 d5 3. e5 c5 4. c3 Nc6 5. Nf3 Nge7 6. Bg5 c4 7. Nbd2 Qb6 8. b3 Nf5
9. bxc4 Be7 10. Bxe7 Ncxe7 11. cxd5 Nxd5 12. Nc4 Qc7 13. Qb3 O-O 14. Bd3 Bd7 15.
O-O a6 16. Nd6 Nxd6 17. exd6 Qxd6 18. Ne5 Nf4 19. Qxb7 Rad8 20. Qxa6 Qe7 21. Qb7
Nxd3 22. Nxd3 Qe8 23. Nc5 Bc6 24. Qb3 Rb8 25. Qc2 e5 26. dxe5 Qxe5 27. Nd3 Qg5
28. f3 Rbd8 29. a4 Bb7 30. a5 Ba6 31. Nb4 Bxf1 32. Kxf1 Qb5+ 33. Kf2 Ra8 34. a6
Qc5+ 35. Kf1 Rfe8 36. Re1 Rxe1+ 37. Kxe1 Re8+ 38. Kd2 Qe5 39. Qe4 Qxe4 40. fxe4
Rd8+ 41. Ke3 h5 42. a7 Ra8 43. Kd4 Rxa7 44. c4 Rd7+ 45. Nd5 f6 46. c5 Kf8 47. c6
Rd6 48. c7 Rc6 49. e5 fxe5+ 50. Kxe5 Ke8 51. h4 Kd7 52. g3 Re6+ 53. Kd4 Rd6 54.
Ke5 Re6+ 55. Kd4 Rg6 56. c8=Q+ Kxc8 57. Ne7+ Kd8 58. Nxg6 Ke8 59. Ke5 Kf7 60.
Kf5 Kg8 61. Nf4 Kf7 62. Nxh5 g6+ 63. Kg5 gxh5 64. Kxh5 Kg7 65. Kg5 Kg8 66. Kg6
Kh8 67. g4 Kg8 68. g5 Kh8 69. Kf7 Kh7 70. g6+ Kh8 71. g7+ Kh7 72. g8=Q+ Kh6 73.
Qg6# {Black checkmated} 1-0